 Dungeon Crawl Stone Soup version 0.25-a0-1119-g28b6fd0c3b (webtiles) character file.

Game seed: 289623256354339766, levelgen mode: deterministic

109 kae the Chiller (level 4, -2/30 HPs)
             Began as a Merfolk Ice Elementalist on May 18, 2020.
             Slain by Grinder (3 damage)
             ... on level 3 of the Dungeon.
             The game lasted 00:02:45 (2802 turns).

kae the Chiller (Merfolk Ice Elementalist)          Turns: 2802, Time: 00:02:46

Health: -2/30      AC:  4    Str:  9    XL:     4   Next: 89%
Magic:  8/8        EV: 13    Int: 14    God:
Gold:   68         SH:  0    Dex: 14    Spells: 7/8 levels left

rFire    . . .     SeeInvis .   h - -3 spear (curse)
rCold    . . .     Gourm    .   (no shield)
rNeg     . . .     Faith    .   a - +0 robe
rPois    .         Spirit   .   (no helmet)
rElec    .         Reflect  .   j - +1 cloak
rCorr    .         Harm     .   (no gloves)
MR       .....                  (no boots)
Stlth    ++........             (no amulet)
HPRegen  0.10/turn              i - ring of wizardry
MPRegen  0.11/turn              (no ring)

@: stab
A: change form in water, swift swim, stealthy swim
a: no special abilities


You were on level 3 of the Dungeon.
You were hungry.

You visited 1 branch of the dungeon, and saw 3 of its levels.

You collected 68 gold pieces.

Inventory:

Hand Weapons
 b - a cursed -2 spear
 g - a +0 short sword
 h - a cursed -3 spear (weapon)
Armour
 a - a +0 robe (worn)
 j - a +1 cloak (worn)
Jewellery
 i - a ring of wizardry (left hand)
Scrolls
 e - a scroll of fog
Potions
 l - a potion of curing {unknown}
 n - a potion of ambrosia {unknown}
Comestibles
 c - 5 rations


   Skills:
 + Level 2.3 Polearms
 - Level 2.6 Dodging
 - Level 2.1 Stealth
 + Level 2.8 Spellcasting
 * Level 5.8 Ice Magic


You had 7 spell levels left.
You knew the following spells:

 Your Spells              Type           Power        Failure   Level  Hunger
a - Freeze                Ice            ###.         1%          1    #......

Your spell library contained the following spells:

 Spells                   Type           Power        Failure   Level  Hunger
 Frozen Ramparts          Ice            ###...       2%          3    ###....
 Ozocubu's Armour         Chrm/Ice       ##......     9%          3    ###....
 Hailstorm                Conj/Ice       ##......     26%         4    #####..
 Summon Ice Beast         Ice/Summ       ##......     26%         4    #####..


Dungeon Overview and Level Annotations

Branches:
Dungeon (3/15)

Altars:

Annotations:
D:3 Grinder, Ijyb, Sigmund


Message History

Press: ? - help, Shift-Dir - straight line, f/p - Grinder
Aim: Grinder Grinder resists.
You freeze Grinder.
Grinder is lightly wounded.
Grinder closely misses you.
Casting: Freeze (safe; 1% risk of failure)
Confirm with . or Enter, or press ? or * to list all spells.
Aiming: Freeze (safe; 1% risk of failure)
Press: ? - help, Shift-Dir - straight line, f/p - Grinder
Aim: Grinder Grinder resists.
You freeze Grinder.
Grinder is lightly wounded.
Grinder hits you!
You writhe in agony.
* * * LOW HITPOINT WARNING * * *
It was a potion of magic.
Magic courses through your body.
Grinder says, "You look like you could use a good racking."
Grinder hits you.
* * * LOW HITPOINT WARNING * * *
You writhe in agony.
You die...

##.# ####.#
<#.# #.#
.#.# #.#
##.# #.#
...# #.#
#### #.#
#.# #.# #@#
#5########
#..ยง..5%..
##########


You could see Grinder.

Vanquished Creatures
  4 adders (D:2)
  An ooze (D:2)
  2 worms (D:2)
  3 dart slugs
  9 bats
  2 giant cockroaches
  7 goblins
  3 hobgoblins
  5 jackals
  9 kobolds
  A quokka (D:2)
  5 frilled lizards
  6 rats
57 creatures vanquished.

Notes
Turn   | Place    | Note
-------+----------+-------------------------------------------
     0 | D:1      | kae the Merfolk Ice Elementalist began the quest for the
                  | Orb.
     0 | D:1      | Reached XP level 1. HP: 13/13 MP: 3/3
   335 | D:1      | Reached XP level 2. HP: 19/19 MP: 3/5
   666 | D:1      | Reached skill level 5 in Ice Magic
   860 | D:2      | Reached XP level 3. HP: 24/24 MP: 2/6
   865 | D:2      | Reached skill level 1 in Polearms
  1146 | D:2      | Reached XP level 4. HP: 30/30 MP: 4/7
  2499 | D:3      | Noticed Ijyb
  2570 | D:3      | Noticed Sigmund
  2787 | D:3      | Noticed Grinder
  2802 | D:3      | HP: 1/30 [Grinder (6)]
  2802 | D:3      | Slain by Grinder

Illustrated notes

Levels and vault maps discovered:
D:1:      dpeg_arrival_round_a, layout_rooms, serial_corexii_hall,
          corexii_hall_statues_i, chequers_hall_statues_corner_a
D:2:      layout_basic, minmay_tall_x
D:3:      layout_basic, first_ration, uniq_sigmund, uniq_grinder, uniq_ijyb

Skill      XL: |  1  2  3  4 |
---------------+-------------+-----
Ice Magic      | 5 |  5.8
Polearms       | 1 2 |  2.3
Dodging        | |  2.6
Stealth        | |  2.1
Spellcasting   | |  2.8

Action                   |  1- 3 |  4- 6 || total
-------------------------+-------+-------++-------
Melee: Unarmed           |     5 |       ||     5
       Spear             |    44 |    76 ||   120
 Cast: Freeze            |    31 |    40 ||    71
  Use: Scroll            |     4 |     2 ||     6
       Potion            |     2 |     3 ||     5
 Stab: Sleeping          |     3 |     4 ||     7
  Eat: Chunk             |     1 |     5 ||     6
Armor: Robe              |    17 |    24 ||    41
       Skin              |     4 |       ||     4
Dodge: Dodged            |    41 |    44 ||    85

Table legend:
 A = Non-vault XP
 B = Vault XP
 C = Vault XP percentage of total XP
 D = Non-vault monster count
 E = Vault monster count
 F = Vault count percentage of total count
                 A         B        C        D         E       F
            +---------+---------+-------+---------+---------+-------
      Total |     120 |      36 |  23.1 |      53 |       4 |   7.0
            +---------+---------+-------+---------+---------+-------
        D:1 |      30 |       0 |   0.0 |      19 |       0 |   0.0
        D:2 |      65 |      36 |  35.6 |      20 |       4 |  16.7
        D:3 |      25 |       0 |   0.0 |      14 |       0 |   0.0
            +---------+---------+-------+---------+---------+-------
